 Seeded DCSS version 0.28-a0-1555-g9ae15a6949 (webtiles) character file.

Game seed: 12 (custom seed)

8 knot the Skirmisher (level 2, 3/36 HPs)
             Began as a Demonspawn Berserker on Jan 19, 2022.
             Was a Follower of Trog.
             Quit the game on level 1 of the Dungeon.
             The game lasted 00:00:13 (138 turns).

knot the Skirmisher (Demonspawn Berserker)           Turns: 138, Time: 00:00:14

Health: 3/36       AC:  2    Str: 17    XL:     2   Next: 0%
Magic:  2/2        EV: 14    Int:  8    God:    Trog [*.....]
Gold:   8          SH:  0    Dex: 12    Spells: 1/1 levels left

rFire   . . .      SeeInvis .   a - +0 hand axe
rCold   . . .      Faith    .   (no shield)
rNeg    . . .      Spirit   .   b - +0 animal skin
rPois   .          Reflect  .   (no helmet)
rElec   .          Harm     .   (no cloak)
rCorr   .          Rampage  .   (no gloves)
Will    .....                   (no boots)
Stlth   ..........              (no amulet)
HPRegen 0.12/turn               (no ring)
MPRegen 0.08/turn               (no ring)

@: berserking (expiring), very quick
A: repulsion field 1
a: Renounce Religion, Berserk


You were on level 1 of the Dungeon.
You worshipped Trog.
Trog was aware of your devotion.
You visited 1 branch of the dungeon, and saw 1 of its levels.

You collected 8 gold pieces.

Inventory:

Hand Weapons
 a - a +0 hand axe (weapon)
Armour
 b - a +0 animal skin (worn)


   Skills:
 + Level 3.1 Fighting
 + Level 2.8 Axes
 + Level 2.0 Armour
 + Level 2.0 Dodging


You had one spell level left.
You didn't know any spells.
Your spell library was empty.

Dungeon Overview and Level Annotations

Branches:
Dungeon (1/15)

Altars:


Innate Abilities, Weirdness & Mutations

You are surrounded by a mild repulsion field. (EV +2)


Message History

No target in view!
No target in view!
No target in view!
No target in view!
A kobold is nearby!
A kobold is nearby!
A kobold is nearby!
The kobold throws a stone.
The stone hits you.
You see here a ball python corpse.
The kobold hits you with a +0 short sword.
You are too injured to fight recklessly!
You are too injured to fight recklessly!
You are too injured to fight recklessly!
You are too injured to fight recklessly!
You are too injured to fight recklessly!
A red film seems to cover your vision as you go berserk!
You feel yourself moving faster!
You feel mighty! The kobold hits you but does no damage.
You closely miss the kobold.
The kobold hits you with a +0 short sword.
You hit the kobold but do no damage. The kobold closely misses you.
You barely miss the kobold. You closely miss the kobold.
The kobold barely misses you.
You barely miss the kobold.
The kobold hits you with a +0 short sword.
* * * LOW HITPOINT WARNING * * *
You closely miss the kobold.
The kobold hits you with a +0 short sword.
* * * LOW HITPOINT WARNING * * *
You closely miss the kobold.
The kobold hits you with a +0 short sword.
* * * LOW HITPOINT WARNING * * *
You slash the kobold!
You kill the kobold!
Trog accepts your kill.
Your Armour skill increases to level 2!
You have reached level 2!
Your demonic ancestry asserts itself...
You begin to radiate repulsive energy.
Are you sure you want to abandon this character and quit the game? (Confirm with "yes".)

## ...###.#..#...##.
...##.......#...##.
###..##.......##.....
####....##..#.....#.....
........#.....#.........
........+...._....#...#.
.........#..#.##.#......
........#.....#...#.....
......)@†!..............
........#..#.###.##.###.
..?............##.#.# #.
................. ..#
....>..##......##
....... .##..... .....##
. .#... ..... ###..


There were no monsters in sight!

Vanquished Creatures
  2 endoplasms (D:1)
  A hobgoblin (D:1)
  A quokka (D:1)
  A ball python (D:1)
  A bat (D:1)
  A kobold (D:1)
  A rat (D:1)
8 creatures vanquished.

Notes
Turn   | Place    | Note
-------+----------+-------------------------------------------
     0 | D:1      | knot the Demonspawn Berserker began the quest for the Orb.
     0 | D:1      | Reached XP level 1. HP: 18/18 MP: 1/1
   103 | D:1      | Found a faded altar of an unknown god.
   138 | D:1      | Gained mutation: You are surrounded by a mild repulsion
                  | field. (EV +2) [demonic ancestry]
   138 | D:1      | Reached XP level 2. HP: 3/24 MP: 2/2
   138 | D:1      | Quit the game

Illustrated notes

Levels and vault maps discovered:
D:1:      dpeg_arrival_fog, layout_rooms, hellmonk_ecumenical_altar_blasted

Skill      XL: |  1 |
---------------+----+-----
Dodging        | 2 |  2.0
Armour         | 2 |  2.0
Fighting       | |  3.1
Axes           | |  2.8

Action                   || total
-------------------------++-------
Melee: Hand axe          ||    21
       Punch             ||     2
Invok: Berserk           ||     1
Armor: Animal skin       ||     6
Dodge: Dodged            ||     7

Table legend: (Time is in decaauts)
 A = Elapsed time spent in this place.
 B = Non-inter-level travel time spent in this place.
 C = Inter-level travel time spent in this place.
 D = Time resting spent in this place.
 E = Time spent auto-exploring this place.
 F = Levels seen in this place.
 G = Mean time per level.
                   A        B        C        D        E       F      G
               +--------+--------+--------+--------+--------+-----+--------+
         Total |    138 |    138 |      0 |      0 |    102 |   1 |  138.0 |
       Dungeon |    138 |    138 |      0 |      0 |    102 |   1 |  138.0 |
               +--------+--------+--------+--------+--------+-----+--------+

Top non-repeatable levels by time:
     D:1: 138 daAuts
